 Dungeon Crawl Stone Soup version 0.26-a0-64-g059e62fbdb (webtiles) character file.

Game seed: 7061916273846197107

152656 sanka the Gelid (level 17, -9/142 HPs)
             Began as a Barachi Ice Elementalist on June 9, 2020.
             Was the Champion of Vehumet.
             Mangled by a spark wasp (15 damage)
             ... on level 4 of the Spider Nest on June 10, 2020.
             The game lasted 02:07:43 (45067 turns).

sanka the Gelid (Barachi Ice Elementalist)         Turns: 45067, Time: 02:07:44

Health: -9/142     AC: 23    Str:  8    XL:     17   Next: 58%
Magic:  33/42      EV: 23    Int: 24    God:    Vehumet [******]
Gold:   1922       SH:  0    Dex: 16    Spells: 19/40 levels left

rFire    + . .     SeeInvis .   a - +9 double sword (vorpal)
rCold    . . .     Gourm    .   (no shield)
rNeg     . . .     Faith    +   u - +5 steam dragon scales
rPois    .         Spirit   .   V - +2 helmet
rElec    .         Reflect  .   j - +2 cloak {rF+}
rCorr    .         Harm     .   o - +2 pair of gloves {Dex+3}
MR       +....                  h - +2 pair of boots {run}
Stlth    ++........             t - amulet of faith
HPRegen  0.33/turn              Y - +4 ring of slaying
MPRegen  0.28/turn              E - ring "Loali" {+Blink +Fly MP+9 Str-3 Int+3}

@: icy armour, corroded, drained
A: +LOS, swims, slowness 1, strong legs 2
a: Hop, Renounce Religion, Evoke Blink, Evoke Flight


You were on level 4 of the Spider Nest.
You worshipped Vehumet.
Vehumet was exalted by your worship.
You were near starving.

You visited 5 branches of the dungeon, and saw 28 of its levels.
You also visited: Bailey, Gauntlet, Ice Cave and Volcano.

You collected 3624 gold pieces.
You spent 1702 gold pieces at shops.


Innate Abilities, Weirdness & Mutations

You can be seen from farther away. (+LOS)
You can swim through water.
You cover ground slowly.
You can hop long distances.


   Skills:
 - Level 15.0(13.9) Fighting
 - Level 16.0(14.9) Long Blades
 - Level 15.0(13.9) Dodging
 - Level 1.7(1.0) Stealth
 - Level 12.0(11.0) Spellcasting
 - Level 4.0(3.2) Conjurations
 - Level 4.0(3.2) Summonings
 + Level 18.4(17.3) Ice Magic
 - Level 4.0(3.2) Air Magic


You had 19 spell levels left.
You knew the following spells:

 Your Spells              Type           Power        Failure   Level  Hunger
a - Ozocubu's Armour      Chrm/Ice       ######..     1%          3    None
u - Hailstorm             Conj/Ice       ######..     1%          4    None
x - Summon Ice Beast      Ice/Summ       ######..     1%          4    None
y - Frozen Ramparts       Ice            ######       0%          3    None
z - Freeze                Ice            ####         0%          1    None
X - Freezing Cloud        Conj/Ice/Air   ######....   8%          6    #####..

Your spell library contained the following spells:

 Spells                   Type           Power        Failure   Level  Hunger
 Absolute Zero            Ice            #######...   65%         9    #######
 Chain Lightning          Conj/Air       ####......   100%        8    #######
 Fire Storm               Conj/Fire      ###.......   100%        9    #######
 Magic Dart               Conj           ####         1%          1    None
 Sandblast                Erth           ##....       1%          1    None
 Summon Small Mammal      Summ           ####         1%          1    None
 Call Imp                 Summ           ####....     1%          2    None
 Ensorcelled Hibernation  Hex/Ice        ######       1%          2    None
 Searing Ray              Conj           ####..       1%          2    None
 Mephitic Cloud           Conj/Pois/Air  ###.....     1%          3    None
 Static Discharge         Conj/Air       ####....     1%          3    None
 Conjure Flame            Conj/Fire      ###.....     2%          3    None
 Dazzling Flash           Conj/Hex       ###...       2%          3    None
 Stone Arrow              Conj/Erth      ###...       2%          3    None
 Poisonous Vapours        Pois/Air       ###...       3%          2    None
 Call Canine Familiar     Summ           ####....     3%          3    None
 Sting                    Tmut/Pois      ##..         4%          1    None
 Ignite Poison            Fire/Tmut/Pois ##......     4%          3    None
 Blink                    Tloc           N/A          7%          2    None
 Passwall                 Tmut/Erth      ##......     7%          2    None
 Slow                     Hex            ##......     7%          2    None
 Fulminant Prism          Conj/Hex       ###.......   7%          4    None
 Iskenderun's Mystic Bla  Conj/Tloc      ###.....     7%          4    None
 Summon Guardian Golem    Hex/Summ       ###.....     8%          3    None
 Lightning Bolt           Conj/Air       ####......   10%         5    ####...
 Olgreb's Toxic Radiance  Pois           ##......     13%         4    None
 Summon Lightning Spire   Summ/Air       ####....     13%         4    None
 Gell's Gravitas          Tloc           ##........   14%         3    None
 Portal Projectile        Hex/Tloc       ##....       14%         3    None
 Fireball                 Conj/Fire      ###.......   17%         5    ####...
 Lee's Rapid Deconstruct  Erth           ##........   32%         5    ####...
 Petrify                  Tmut/Erth      ##......     43%         4    None
 Silence                  Hex/Air        ###.......   56%         5    ####...
 Starburst                Conj/Fire      ###.......   65%         6    #####..
 Borgnjor's Vile Clutch   Necr/Erth      ##........   78%         5    ####...
 Shadow Creatures         Summ           N/A          89%         6    #####..
 Darkness                 Hex            ##........   100%        6    #####..
 Dispersal                Tloc           ##........   100%        6    #####..
 Ring of Flames           Chrm/Fire      ##........   100%        7    #######
 Controlled Blink         Tloc           N/A          100%        8    #######
 Disjunction              Tloc           ##........   100%        8    #######
 Ignition                 Fire           ##........   100%        8    #######
 Shatter                  Erth           ##........   100%        9    #######
 Tornado                  Air            ####......   100%        9    #######

Inventory:

Hand Weapons
 a - a +9 vorpal double sword (weapon)
 F - a +0 demon whip of electrocution
Missiles
 v - 15 curare-tipped darts {=f}
Armour
 h - a +2 pair of boots of running (worn)
 j - a +2 cloak of fire resistance (worn)
 o - a +2 pair of gloves of dexterity (worn)
 u - +5 steam dragon scales (worn)
 V - a +2 helmet (worn)
Magical Staves
 b - an uncursed staff of cold
Jewellery
 e - an uncursed ring of stealth
 t - an amulet of faith (around neck)
 A - an uncursed amulet of the acrobat
 B - an uncursed ring of wizardry
 E - the ring "Loali" (right hand) {+Blink +Fly MP+9 Str-3 Int+3}

   [ring of magical power]

   It affects your strength (-3).
   It affects your intelligence (+3).
   It affects your magic capacity (+9).
   It lets you fly.
   It lets you blink.
 H - the amulet "Peown" {Inacc rPois Int+6}

   [amulet of inaccuracy]

   It reduces the accuracy of all your attacks.
   It affects your intelligence (+6).
   It protects you from poison.
 I - the amulet "Weryp" {RegenMP +Inv, unknown}

   [amulet of magic regeneration]

   It increases your magic regeneration.
   It lets you turn invisible.
 O - an uncursed amulet of regeneration {unknown}
 X - an uncursed ring of resist corrosion
 Y - a +4 ring of slaying (left hand)
Wands
 w - a wand of iceblast (46)
 G - a wand of disintegration (15)
 M - a wand of polymorph (20)
 N - a wand of acid (7)
 S - a wand of digging (10)
Scrolls
 d - 4 scrolls of magic mapping
 g - 2 scrolls of enchant weapon
 k - 12 scrolls of teleportation {@r4}
 m - 3 scrolls of enchant armour
 s - 2 scrolls of holy word
 J - 11 scrolls of remove curse
 P - 5 scrolls of fog
 R - 5 scrolls of silence {!r}
 T - a scroll of fear
 U - 5 scrolls of blinking
 W - 2 scrolls of summoning
Potions
 f - 4 potions of might
 i - 6 potions of heal wounds {@q2}
 l - 3 potions of flight
 n - a potion of lignification {unknown}
 p - a potion of ambrosia {unknown}
 q - 2 potions of berserk rage {!q}
 r - 2 potions of resistance
 x - a potion of mutation {unknown}
 z - 3 potions of brilliance
 C - a potion of degeneration {unknown}
 D - 4 potions of haste {@q3}
 K - 2 potions of cancellation {unknown}
 L - 4 potions of magic
Comestibles
 c - 19 rations

Dungeon Overview and Level Annotations

Branches:
Dungeon (15/15)            Temple (1/1) D:5            Lair (6/6) D:9
  Swamp (0/4) Lair:2       Spider (4/4) Lair:3        Slime (0/5) Lair:6
    Orc (2/2) D:11            Elf (0/3) Orc:2        Vaults (0/5) D:13
 Depths (0/5) D:15         Bailey (visited)           IceCv (visited)
Volcano (visited)         Gauntlet (visited)

Altars:
Ashenzari
Cheibriados
Dithmenos
Elyvilon
Fedhas
Gozag
Hepliaklqana
Kikubaaqudgha
Makhleb
Nemelex Xobeh
Okawaru
Qazlal
Ru
Sif Muna
Trog
Uskayaw
Vehumet
Wu Jian
Xom
Yredelemnul
Zin
The Shining One
Beogh

Shops:
D:7 [[(   D:10 [   D:11 *[   D:14 }   D:15 *   Orc:1 [   Orc:2 [*=:*

Annotations:
Spider:4 1 transporter, Lihy's ghost, adept MiFi
Orc:2 2 runed translucent doors, exclusion: 4 orange crystal statues

▒..▒...▒▒^......▒▒...▒▒...▒
▒.^▒▒.......▒.s▒..^^..▒..▒▒
▒......▒...▒.y.▒.....^.....
▒..▒..▒........▒.......▒...
▒..▒.....▒▒..▒....▒▒..▒▒..▒
▒.......▒▒.^.....▒▒▒▒▒▒....
▒...▒▒..▒......▒▒▒ .....
▒.....☼†°%▒▒^▒▒▒... ......
▒^....°..†F........ ..▒▒▒..
▒...▒▒.▒.y........^▒.. ..▒
▒......▒▒......▒▒.^▒▒ ...
▒.......▒▒▒...▒▒ ▒▒▒.....
.^^▒ ...▒▒.. ^▒... ▒... ..
▒▒..▒.. ▒^. ..▒ ▒ ..


You could see a spark wasp.


Message History

The redback bites you but does no damage.
The spark wasp completely misses you.
The orb spider is engulfed in freezing vapours.
The redback completely misses you.
You riposte.
You hit the redback.
The redback is almost dead.
Unknown command.
Unknown command.
You hit the redback.
You kill the redback!
Vehumet accepts your kill. The spark wasp misses you.
You riposte.
You barely miss the spark wasp.
The spark wasp is heavily wounded.
The orb spider is engulfed in freezing vapours.
Unknown command.
A cannonade of hail descends around you!
The hail pelts the orb spider!!
You kill the orb spider!
Vehumet accepts your kill. The spark wasp stings you!
* * * LOW HITPOINT WARNING * * *
The spark wasp shocks you!
* * * LOW HITPOINT WARNING * * *
The spark wasp stings you!
* * * LOW HITPOINT WARNING * * *
The spark wasp shocks you!
You die...

Action                   |  1- 3 |  4- 6 |  7- 9 | 10-12 | 13-15 | 16-18 || total
-------------------------+-------+-------+-------+-------+-------+-------++-------
Melee: Mace              |    17 |     9 |     1 |       |       |       ||    27
       Trident           |       |       |    60 |       |       |       ||    60
       Morningstar       |       |       |    25 |       |       |       ||    25
       Glaive            |       |       |     6 |   206 |       |       ||   212
       Double sword      |       |       |       |    26 |   535 |   444 ||  1005
       Staff             |       |       |       |       |       |    30 ||    30
 Fire: Hunting sling     |       |   120 |    67 |     1 |       |       ||   188
Throw: Dart              |       |     1 |       |     2 |       |       ||     3
 Cast: Freeze            |    33 |    63 |   101 |   289 |   137 |    17 ||   640
       Frozen Ramparts   |     2 |     6 |    30 |    64 |    87 |    28 ||   217
       Ozocubu's Armour  |       |     1 |    15 |    36 |    73 |    69 ||   194
       Summon Ice Beast  |       |       |     7 |    14 |    25 |     7 ||    53
       Hailstorm         |       |       |       |     2 |    30 |    47 ||    79
       Freezing Cloud    |       |       |       |       |       |    13 ||    13
 Abil: Hop               |       |       |     1 |     2 |     1 |     4 ||     8
Evoke: Wand              |       |       |     8 |     1 |    10 |     1 ||    20
  Use: Scroll            |       |       |     8 |     7 |    25 |    11 ||    51
       Potion            |       |       |       |       |     6 |     8 ||    14
 Stab: Sleeping          |     2 |     4 |     2 |     4 |     9 |     2 ||    23
       Distracted        |       |       |       |     1 |     4 |       ||     5
       Petrified         |       |       |       |       |     2 |       ||     2
  Eat: Chunk             |     2 |    12 |    17 |    34 |    37 |    20 ||   122
       Ration            |       |       |     1 |     3 |     7 |     3 ||    14
Armor: Robe              |     4 |     6 |     9 |    66 |       |       ||    85
       Leather armour    |       |       |    61 |   134 |   136 |       ||   331
       Steam dragon scal |       |       |       |       |    54 |   299 ||   353
Dodge: Dodged            |    43 |    46 |   120 |   456 |   756 |   645 ||  2066
       Rpst.: Double sword |       |       |       |    33 |   168 |   116 ||   317

Levels and vault maps discovered:
D:1:      dpeg_arrival_rooms_c, layout_loops_ring
D:2:      layout_basic, first_ration, nicolae_ru_path_of_blood, uniq_natasha
D:3:      layout_basic, chequers_ecumenical_altar_simple
D:4:      layout_basic, kennysheep_generic_room_4
D:5:      layout_basic, minmay_temple_entry_wispy, gammafunk_ghost_necromancy,
          cheibrodos_ashenzari_chains, uniq_crazy_yiuf_cottage, uniq_ijyb
D:6:      layout_rooms, makhleb_blood_cavern_becter
D:7:      minmay_s_stair_smasher, layout_basic, serial_shops, shop,
          nicolae_shop_competitors_out_of_business, shop, grunt_livestock
D:8:      layout_basic, cheibrodos_worm_habitat, overflow_temple_1_default
D:9:      layout_roguey [special_room_orc], grunt_temple_overflow_open,
          erik_lair_orcish_takeover
D:10:     layout_grid_maze, serial_shops, shop, kennysheep_boxes
D:11:     layout_irregular_city, erik_orc_2, serial_shops, shop,
          nicolae_alphabet_shops, uniq_psyche, uniq_urug
D:12:     layout_stronghold, enter_bailey_3, jmf_multi_god_temple2
D:13:     nzn_motion_control, layout_loops_cross,
          hangedman_vaults_entry_quadrant_bands, basic_altar,
          kennysheep_generic_room_10, uniq_kirke
D:14:     minmay_the_grid_triangle_9x9_recursive_2_mashed
          [minmay_the_grid_triangle_9x9_prize_special,
          minmay_the_grid_triangle_9x9_from_above,
          minmay_the_grid_triangle_9x9_longest,
          minmay_the_grid_triangle_9x9_intruding_spiral], layout_rooms,
          portal_ice_cave_entry_pillars_1, minmay_misc_feat_chi, serial_shops,
          shop, hangedman_decor_diamond_cutter, serial_bayou_pond_b, uniq_azrael
D:15:     grunt_enter_depths_hoard, layout_rooms, ebering_ghost_gozag
Temple:   eino_temple_water
Lair:1:   layout_gridlike, serial_bayou_crossing, uniq_maggie
Lair:2:   layout_layer_cave, minmay_swamp_entry_wisps
Lair:3:   layout_small_grid, spider_nest_entry_a, nicolae_volcano_entry_batcave
Lair:4:   layout_loops_ring
Lair:5:   layout_hall_layers, lemuel_fruit_fields
Lair:6:   grunt_lair_end_beastmaster, layout_hall_layers,
          nicolae_slime_entry_slimehenge, gauntlet_entry_generic
Spider:1: layout_spider_delve, gammafunk_ghost_grave
Spider:2: layout_spider_delve, uniq_nikola, uniq_arachne
Spider:3: layout_spider_delve
Spider:4: guppyfry_spider_rune, gammafunk_ghost_arena
Orc:1:    layout_diamond_mine, serial_shops, nicolae_shop_overgrown_old_shop,
          uniq_sonja, uniq_nergalle
Orc:2:    st_orc_rangers, layout_caves, serial_shops, shop,
          chequers_guarded_unrand_ignorance

Notes
Turn   | Place    | Note
-------+----------+-------------------------------------------
     0 | D:1      | sanka the Barachi Ice Elementalist began the quest for the
                  | Orb.
     0 | D:1      | Reached XP level 1. HP: 13/13 MP: 3/3
    69 | D:1      | Reached skill level 5 in Ice Magic
   114 | D:1      | Reached XP level 2. HP: 16/19 MP: 0/5
   746 | D:1      | Reached XP level 3. HP: 24/24 MP: 5/7
   843 | D:1      | Reached skill level 3 in Spellcasting
  1184 | D:1      | Learned a level 3 spell: Frozen Ramparts
  1188 | D:1      | Learned a level 3 spell: Ozocubu's Armour
  1402 | D:2      | Noticed Natasha
  1412 | D:2      | Killed Natasha
  1412 | D:2      | Reached skill level 6 in Ice Magic
  1412 | D:2      | Reached XP level 4. HP: 22/30 MP: 4/8
  1601 | D:2      | Found a sacrificial altar of Ru.
  1693 | D:2      | Noticed Natasha
  1696 | D:2      | Killed Natasha
  1852 | D:2      | Noticed Natasha
  1857 | D:2      | Killed Natasha
  1857 | D:2      | Reached skill level 7 in Ice Magic
  1857 | D:2      | Reached XP level 5. HP: 26/35 MP: 4/9
  3075 | D:3      | Reached skill level 8 in Ice Magic
  3182 | D:3      | Found a faded altar of an unknown god.
  3207 | D:3      | Reached XP level 6. HP: 39/41 MP: 5/10
  3317 | D:3      | Learned a level 4 spell: Summon Ice Beast
  3899 | D:3      | Reached skill level 1 in Summonings
  4734 | D:4      | Reached skill level 2 in Summonings
  4917 | D:4      | Reached skill level 3 in Summonings
  4917 | D:4      | Reached XP level 7. HP: 46/46 MP: 7/12
  5810 | D:5      | Entered Level 5 of the Dungeon
  5836 | D:5      | Reached skill level 4 in Spellcasting
  5836 | D:5      | Reached skill level 4 in Summonings
  5940 | D:5      | Reached skill level 9 in Ice Magic
  6147 | D:5      | Found a runed translucent door.
  6148 | D:5      | Noticed Crazy Yiuf
  6153 | D:5      | Killed Crazy Yiuf
  6285 | D:5      | Found a staircase to the Ecumenical Temple.
  6291 | D:5      | Reached skill level 5 in Spellcasting
  6291 | D:5      | Reached XP level 8. HP: 43/52 MP: 8/15
  6301 | Temple   | Entered the Ecumenical Temple
  6880 | D:5      | Noticed Ijyb
  6889 | D:5      | Killed Ijyb
  7066 | D:5      | Found a runed translucent gate.
  7066 | D:5      | Found a runed translucent gate.
  7066 | D:5      | Found a runed translucent gate.
  7068 | D:5      | Noticed UristMcRaven's ghost (novice DEIE)
  7095 | D:5      | Killed UristMcRaven's ghost
  7095 | D:5      | Reached skill level 6 in Spellcasting
  7095 | D:5      | Reached skill level 10 in Ice Magic
  7346 | D:5      | Found a shattered altar of Ashenzari.
  7518 | D:6      | Got a fading leather armour
  7529 | D:6      | Identified the +1 leather armour of Purpose {+Blink} (You
                  | found it on level 6 of the Dungeon)
  7638 | D:6      | Reached skill level 11 in Ice Magic
  7671 | D:6      | HP: 3/52 [wight/cursed +4 long sword (8)]
  7673 | D:6      | Reached XP level 9. HP: 4/57 MP: 18/18
  8136 | D:6      | Reached skill level 12 in Ice Magic
  8218 | D:6      | Found a burning altar of Makhleb.
  8502 | D:7      | HP: 5/57 [jackal skeleton (2)]
  8900 | D:7      | Reached skill level 13 in Ice Magic
  9230 | D:7      | Reached skill level 1 in Fighting
  9278 | D:7      | Found Soumeo's Armour Shop.
  9298 | D:7      | Found Tinual's Antique Armour Boutique.
  9411 | D:7      | Reached skill level 3 in Dodging
  9429 | D:7      | Reached skill level 2 in Fighting
  9628 | D:7      | Found Ijapisuo's Weapon Shop.
  9836 | D:7      | Reached skill level 3 in Fighting
 10024 | D:7      | Reached skill level 4 in Dodging
 10026 | D:7      | Reached XP level 10. HP: 58/71 MP: 17/19
 10026 | D:7      | Reached skill level 4 in Fighting
 10463 | D:7      | Bought a +0 pair of gloves for 54 gold pieces
 10603 | D:8      | Reached skill level 5 in Dodging
 10799 | D:8      | Noticed a two-headed ogre
 10811 | D:8      | Killed a two-headed ogre
 10811 | D:8      | Reached skill level 5 in Fighting
 10910 | D:8      | Found a burning altar of Makhleb.
 11043 | D:8      | Found a snail-covered altar of Cheibriados.
 11321 | D:9      | Found a roughly hewn altar of Beogh.
 11336 | D:9      | Reached skill level 7 in Spellcasting
 11379 | D:9      | Reached skill level 6 in Dodging
 11379 | D:9      | Reached skill level 6 in Fighting
 12085 | D:9      | Found a glowing silver altar of Zin.
 12086 | D:9      | Found a sacrificial altar of Ru.
 12087 | D:9      | Found a hazy altar of Hepliaklqana.
 12162 | D:9      | Found a shimmering altar of Xom.
 12162 | D:9      | Found a blossoming altar of Fedhas.
 12163 | D:9      | Found a radiant altar of Vehumet.
 12178 | D:9      | Became a worshipper of Vehumet
 12286 | D:9      | Reached skill level 7 in Fighting
 12291 | D:9      | Reached skill level 7 in Dodging
 12560 | D:9      | Found a staircase to the Lair.
 12676 | D:10     | Entered Level 10 of the Dungeon
 12692 | D:10     | Noticed a white ugly thing
 12712 | D:10     | Killed a purple ugly thing
 12712 | D:10     | Reached XP level 11. HP: 58/84 MP: 22/22
 12844 | D:10     | Learned a level 4 spell: Hailstorm
 12911 | D:10     | Reached * piety under Vehumet
 12911 | D:10     | Offered knowledge of Magic Dart by Vehumet.
 13182 | D:10     | Reached skill level 1 in Conjurations
 13201 | D:10     | Reached skill level 8 in Fighting
 13315 | D:10     | Found Qeuq's Antique Armour Boutique.
 13324 | D:10     | Bought a glowing robe for 88 gold pieces
 13731 | D:10     | Reached skill level 8 in Dodging
 14188 | D:10     | Reached skill level 14 in Ice Magic
 14295 | D:11     | Reached skill level 2 in Conjurations
 14307 | D:11     | Offered knowledge of Shock by Vehumet.
 14317 | D:11     | Reached ** piety under Vehumet
 14800 | D:11     | Reached skill level 8 in Spellcasting
 14824 | D:11     | Found a staircase to the Orcish Mines.
 14906 | D:11     | Offered knowledge of Static Discharge by Vehumet.
 14971 | D:11     | Reached skill level 9 in Fighting
 15320 | D:11     | HP: 1/89 [water elemental (12)]
 15732 | D:11     | Reached skill level 3 in Conjurations
 15924 | D:11     | Found Oddimipsy's Armour Shop.
 15949 | D:11     | Noticed a cyclops
 15970 | D:11     | Killed a cyclops
 15970 | D:11     | Reached skill level 9 in Dodging
 16079 | D:11     | Noticed Urug
 16097 | D:11     | Killed Urug
 16306 | D:11     | Noticed Psyche
 16308 | D:11     | Paralysed by Psyche for 4 turns
 16311 | D:11     | Killed Psyche
 16311 | D:11     | Reached *** piety under Vehumet
 16341 | D:11     | Found Slog's Superlative Supplies.
 16459 | D:11     | Noticed a two-headed ogre
 16473 | D:11     | Killed a two-headed ogre
 16473 | D:11     | Reached skill level 10 in Fighting
 16473 | D:11     | Reached skill level 1 in Long Blades
 16473 | D:11     | Reached skill level 4 in Conjurations
 16473 | D:11     | Reached XP level 12. HP: 72/97 MP: 24/24
 16792 | Lair:1   | Entered Level 1 of the Lair of Beasts
 16856 | Lair:1   | Reached skill level 2 in Long Blades
 17032 | Lair:1   | Reached skill level 3 in Long Blades
 17069 | Lair:1   | Reached skill level 10 in Dodging
 17291 | Lair:1   | Offered knowledge of Fulminant Prism by Vehumet.
 17291 | Lair:1   | Reached skill level 4 in Long Blades
 17447 | Lair:1   | Identified +0 swamp dragon scales
 17447 | Lair:1   | Noticed Maggie
 17461 | Lair:1   | Killed Maggie
 17574 | Lair:1   | Reached skill level 5 in Long Blades
 18296 | Lair:2   | Found a staircase to the Swamp.
 18296 | Lair:2   | Noticed an eight-headed hydra
 18306 | Lair:2   | Reached skill level 6 in Long Blades
 18306 | Lair:2   | Reached skill level 11 in Fighting
 18307 | Lair:2   | Killed an eight-headed hydra
 18922 | Lair:2   | Reached **** piety under Vehumet
 18922 | Lair:2   | Reached skill level 7 in Long Blades
 19254 | Lair:2   | Offered knowledge of Lee's Rapid Deconstruction by Vehumet.
 19688 | Lair:3   | Found a hole to the Spider Nest.
 19741 | Lair:3   | Reached skill level 8 in Long Blades
 19785 | Lair:3   | Identified +0 steam dragon scales
 19854 | Lair:3   | Reached skill level 11 in Dodging
 19854 | Lair:3   | Gained mutation: You can hop long distances. [Barachi
                  | growth]
 19854 | Lair:3   | Reached XP level 13. HP: 73/106 MP: 25/25
 20067 | Lair:3   | Found a dark tunnel.
 20083 | Volcano  | Entered a volcano
 20178 | Volcano  | Reached skill level 9 in Long Blades
 20793 | Volcano  | Found a bloodstained altar of Trog.
 20939 | Volcano  | Reached skill level 12 in Fighting
 21769 | Lair:4   | Reached skill level 10 in Long Blades
 23511 | Lair:5   | Reached ***** piety under Vehumet
 23511 | Lair:5   | Offered knowledge of Yara's Violent Unravelling by Vehumet.
 23511 | Lair:5   | Reached skill level 11 in Long Blades
 23751 | Lair:5   | Reached skill level 12 in Dodging
 24182 | Lair:6   | Entered Level 6 of the Lair of Beasts
 24309 | Lair:6   | Found a gate leading to a gauntlet.
 24360 | Gauntlet | Entered a Gauntlet
 24360 | Gauntlet | Found a transporter.
 24563 | Gauntlet | Found a transporter.
 24566 | Gauntlet | Found a transporter.
 24567 | Gauntlet | Found a transporter.
 24575 | Gauntlet | Found a transporter.
 24579 | Gauntlet | Found a transporter.
 24582 | Gauntlet | Found a transporter.
 24585 | Gauntlet | Found a runed translucent gate.
 24587 | Gauntlet | Found a transporter.
 24588 | Gauntlet | Found a runed translucent gate.
 24588 | Gauntlet | Found a runed translucent gate.
 24590 | Gauntlet | Found a transporter.
 24591 | Gauntlet | Found a transporter.
 24599 | Gauntlet | Found a transporter.
 24599 | Gauntlet | Noticed a blizzard demon
 24602 | Gauntlet | Found a transporter.
 24603 | Gauntlet | Found a transporter.
 24605 | Gauntlet | Noticed a death ooze
 24615 | Gauntlet | Found a transporter.
 24958 | Gauntlet | Reached skill level 12 in Long Blades
 25016 | Gauntlet | Reached XP level 14. HP: 79/116 MP: 26/26
 25045 | Gauntlet | Reached skill level 13 in Fighting
 25290 | Gauntlet | Got a pitted hat
 25765 | Gauntlet | Learned a level 6 spell: Freezing Cloud
 25894 | Lair:6   | Reached skill level 13 in Long Blades
 26250 | Lair:6   | Reached skill level 1 in Air Magic
 26274 | Lair:6   | Found a staircase to the Slime Pits.
 26631 | Lair:6   | Reached skill level 2 in Air Magic
 26839 | Lair:6   | Reached skill level 13 in Dodging
 26839 | Lair:6   | Reached skill level 3 in Air Magic
 26856 | Lair:6   | Got a shimmering hand axe
 26857 | Lair:6   | Identified the +4 hand axe "Anaetabegg" {venom, rElec rF+
                  | Str-4 Stlth+} (You found it on level 6 of the Lair of
                  | Beasts)
 26871 | Lair:6   | Identified the cursed -5 hat of Fortitude {rCorr} (You
                  | found it in a Gauntlet)
 27464 | Lair:6   | Got a warped ring mail
 27475 | Lair:6   | Identified the +1 ring mail of Day {Slay+2} (You found it
                  | on level 6 of the Lair of Beasts)
 27494 | Lair:6   | Identified a scroll of acquirement
 27670 | Orc:1    | Entered Level 1 of the Orcish Mines
 27702 | Orc:1    | Noticed Nergalle
 27716 | Orc:1    | Noticed Sonja
 27718 | Orc:1    | Killed Nergalle
 27733 | Orc:1    | Killed Sonja
 28104 | Orc:1    | Reached ****** piety under Vehumet
 28221 | Orc:2    | Entered Level 2 of the Orcish Mines
 28225 | Orc:2    | Offered knowledge of Sticky Flame by Vehumet.
 28272 | Orc:2    | Reached skill level 14 in Long Blades
 28288 | Orc:1    | Paralysed by an orc sorcerer for 7 turns
 28965 | Orc:2    | Found Visucuomoc's Armour Shop.
 29099 | Orc:2    | Reached skill level 14 in Fighting
 29207 | Orc:2    | Offered knowledge of Spellforged Servitor by Vehumet.
 29388 | Orc:2    | HP: 10/120 [orc priest/divine providence (13)]
 29389 | Orc:2    | HP: 2/120 [orc knight/bolt (17)]
 29767 | Orc:2    | Reached XP level 15. HP: 93/126 MP: 20/27
 29950 | Orc:2    | Found Gunay's Book Boutique.
 29950 | Orc:2    | Found Heabucul's Jewellery Shoppe.
 29950 | Orc:2    | Found Kynug's Assorted Antiques.
 29989 | Orc:2    | Found a staircase to the Elven Halls.
 30015 | Orc:2    | Reached skill level 4 in Air Magic
 30559 | Orc:2    | Found Sinuji Opypp's Assorted Antiques.
 30658 | Orc:2    | Found a runed translucent door.
 30678 | Orc:2    | Found the +10 tower shield of Ignorance {rN+ Int-4}
 30770 | Orc:2    | Found a runed translucent door.
 31056 | Orc:1    | Found Zeudid's Antique Armour Shop.
 31271 | Orc:1    | Bought a pair of runed gloves for 195 gold pieces
 31271 | Orc:1    | Bought a dull robe for 148 gold pieces
 31281 | Orc:1    | Identified the +1 robe of Inquiry {rPois rC- Int+3 Stlth+}
                  | (You bought it in a shop on level 1 of the Orcish Mines)
 31351 | Orc:2    | Bought a scroll of enchant armour for 157 gold pieces
 31351 | Orc:2    | Bought a shiny golden ring for 105 gold pieces
 31356 | Orc:2    | Bought a scroll of identify for 74 gold pieces
 31356 | Orc:2    | Bought a scroll of identify for 74 gold pieces
 31497 | D:10     | Bought a warped ring mail for 216 gold pieces
 31507 | D:10     | Identified the +3 ring mail "Jajypucu" {Dex+2} (You bought
                  | it in a shop on level 10 of the Dungeon)
 31924 | Orc:2    | Bought a hardcover book for 555 gold pieces
 32395 | D:12     | Found a flagged portal.
 32408 | Bailey   | Entered a bailey
 32441 | Bailey   | Offered knowledge of Irradiate by Vehumet.
 32738 | Bailey   | Got the +0 pair of boots "Juwam" {Dex+4}
 32962 | D:12     | Found a large runed translucent door.
 32962 | D:12     | Found a large runed translucent door.
 33545 | D:12     | Found a basalt altar of Yredelemnul.
 33753 | D:12     | Found an ornate altar of the Wu Jian Council.
 33912 | D:12     | Got an ichor-stained war axe
 33913 | D:12     | Identified the +5 war axe of Trial by Ordeal {vorpal, rF+}
                  | (You found it on level 12 of the Dungeon)
 33973 | D:13     | Reached skill level 15 in Long Blades
 34137 | D:13     | Reached skill level 9 in Spellcasting
 34635 | D:13     | Noticed Kirke
 34645 | D:13     | Killed Kirke
 34857 | D:13     | Offered knowledge of Iron Shot by Vehumet.
 34902 | D:13     | Found a gate to the Vaults.
 34929 | D:13     | Found a hide-covered altar of Uskayaw.
 35391 | D:14     | Noticed Azrael
 35399 | D:14     | Killed Azrael
 35468 | D:14     | Found a frozen archway.
 35482 | IceCv    | Entered an ice cave
 35641 | IceCv    | Got a jewelled hat
 35652 | IceCv    | Identified the +1 hat "Tiokixt" {rPois Str+4} (You found it
                  | in an ice cave)
 35684 | IceCv    | Identified a +2 pair of boots of running (You found it in
                  | an ice cave)
 36585 | IceCv    | Reached XP level 16. HP: 134/134 MP: 27/29
 36588 | IceCv    | Reached skill level 15 in Ice Magic
 36999 | D:14     | Reached skill level 14 in Dodging
 37109 | D:14     | Found Viomayxal's Gadget Emporium.
 37153 | D:14     | Identified the ring "Licoic" {Dex+10 SInv Stlth+}
 37170 | D:14     | Got a translucent amber ring
 37172 | D:14     | Identified the ring "Loali" {+Blink +Fly MP+9 Str-3 Int+3}
                  | (You found it on level 14 of the Dungeon)
 37238 | D:14     | Got a pitted silver amulet
 37239 | D:14     | Identified the amulet "Peown" {Inacc rPois Int+6} (You
                  | found it on level 14 of the Dungeon)
 37271 | D:14     | Reached skill level 16 in Long Blades
 37303 | D:14     | Offered knowledge of Bolt of Magma by Vehumet.
 37306 | D:14     | Got a warped crystal amulet
 37458 | D:14     | Reached skill level 15 in Fighting
 37676 | D:15     | Entered Level 15 of the Dungeon
 37830 | D:15     | Reached skill level 10 in Spellcasting
 37860 | D:15     | Identified +0 ice dragon scales
 38541 | D:15     | Found a runed translucent gate.
 38541 | D:15     | Found a runed translucent gate.
 38541 | D:15     | Found a runed translucent gate.
 38541 | D:15     | Found an opulent altar of Gozag.
 38541 | D:15     | Noticed a sphinx
 38541 | D:15     | Noticed a sphinx
 38541 | D:15     | Noticed Apogee's ghost (journeyman TrTm)
 38831 | D:15     | Found Qistroume's Assorted Antiques.
 38901 | D:15     | Found a staircase to the Depths.
 39007 | D:15     | Paralysed by a sphinx for 4 turns
 39789 | D:15     | Killed a sphinx
 39847 | D:15     | Killed a sphinx
 40033 | D:15     | Killed Apogee's ghost
 40164 | D:15     | Bought a scroll of identify for 36 gold pieces
 40200 | D:15     | Upgraded the game from 0.26-a0-61-g6c07f0ee8d to
                  | 0.26-a0-64-g059e62fbdb
 40436 | Spider:1 | Entered Level 1 of the Spider Nest
 40441 | Spider:1 | Paralysed by a hornet for 2 turns
 40460 | Lair:3   | HP: 8/136 [demonic crawler (7)]
 40872 | Spider:1 | Reached skill level 16 in Ice Magic
 41045 | Spider:1 | Reached skill level 11 in Spellcasting
 41047 | Spider:1 | Reached skill level 15 in Dodging
 41316 | Spider:1 | Found a runed translucent door.
 41316 | Spider:1 | Noticed Niesuon's ghost (journeyman DDFi)
 41339 | Spider:1 | Killed Niesuon's ghost
 41555 | Spider:1 | Got a distressingly furry tower shield
 41561 | Spider:1 | Identified the +4 tower shield of Plasticity {rC- Int+2
                  | Dex+4} (You found it on level 1 of the Spider Nest)
 41865 | Spider:2 | Identified 3 potions of resistance
 41907 | Spider:2 | Offered knowledge of Lehudib's Crystal Spear by Vehumet.
 41963 | Spider:2 | Noticed Nikola
 41977 | Spider:2 | Killed Nikola
 41977 | Spider:2 | Reached XP level 17. HP: 142/142 MP: 16/32
 43052 | Spider:3 | Reached skill level 12 in Spellcasting
 43053 | Spider:3 | Reached skill level 17 in Ice Magic
 43366 | Spider:3 | Paralysed by a hornet for 2 turns
 44317 | Spider:4 | Entered Level 4 of the Spider Nest
 44428 | Spider:4 | Reached skill level 18 in Ice Magic
 44428 | Spider:4 | Offered knowledge of Fire Storm by Vehumet.
 44428 | Spider:4 | Offered knowledge of Chain Lightning by Vehumet.
 44428 | Spider:4 | Offered knowledge of Absolute Zero by Vehumet.
 44511 | Spider:4 | Got a shimmering leather armour
 44522 | Spider:4 | Identified the +3 leather armour of Analysis {*Drain rC+
                  | MR+++ Dex-5} (You found it on level 4 of the Spider Nest)
 44553 | Spider:4 | Found a transporter.
 44556 | Spider:4 | Noticed Lihy's ghost (adept MiFi)
 45067 | Spider:4 | HP: 14/142 [spark wasp (12)]
 45067 | Spider:4 | HP: 6/142 [spark wasp (8)]
 45067 | Spider:4 | Mangled by a spark wasp

Vanquished Creatures
  Nikola (Spider:2)
  2 sphinxes (D:15)
  Kirke (D:13)
  The ghost of Niesuon the Severer, a journeyman DDFi of Makhleb (Spider:1)
  A frost giant (D:15)
  2 ghost moths
  A reaper (IceCv)
  The ghost of Apogee the Grappler, a journeyman TrTm of Wu Jian (D:15)
  4 entropy weavers
  A spark wasp (Spider:4)
  Azrael (D:14)
  A death ooze (Gauntlet)
  2 fire dragons (D:14)
  A yaktaur captain (D:12)
  An ogre mage (D:13)
  2 ice dragons (D:15)
  6 hydras
  6 centaur warriors
  3 catoblepae
  4 death yaks (Lair:6)
  Urug (D:11)
  A deep troll shaman (Lair:6)
  9 two-headed ogres
  Sonja (Orc:1)
  Nergalle (Orc:1)
  A deep elf knight (Bailey)
  A sixfirhy (Gauntlet)
  A fire crab (Volcano)
  A skeletal warrior (D:14)
  2 unseen horrors (D:15)
  An obsidian statue (D:15)
  A wizard (D:15)
  10 deep elf magi (Bailey)
  2 lindwurms
  2 orc knights (Orc:2)
  11 ugly things
  A wolf spider zombie (D:14)
  An orc sorcerer (Orc:1)
  13 orb spiders
  14 wolf spiders
  2 manticores (D:13)
  5 cyclopes
  9 elephants (Lair:6)
  2 centaur zombies
  A torpor snail (Lair:6)
  Psyche (D:11)
  2 molten gargoyles (Volcano)
  Maggie (Lair:1)
  A smoke demon (Gauntlet)
  A centaur skeleton (D:15)
  2 gargoyles
  5 black mambas
  11 spiny frogs
  A water nymph (shapeshifter) (D:14)
  2 ice statues (IceCv)
  An efreet (D:14)
  A rime drake (Lair:4)
  7 yaktaurs
  14 komodo dragons
  6 demonic crawlers
  4 freezing wraiths
  8 ice devils (IceCv)
  The ghost of UristMcRaven the Chiller, a novice DEIE (D:5)
  6 trolls
  11 jumping spiders
  3 polar bears
  14 slime creatures
  5 hornets
  4 blink frogs (Lair:1)
  6 hippogriffs
  A dream sheep (shapeshifter) (D:12)
  5 dream sheep (Lair:5)
  A shadow (D:11)
  3 wyverns
  18 tarantellas
  A vampire (D:14)
  54 redbacks
  A water elemental (D:14)
  3 wraiths
  15 fire bats
  5 hogs
  A human (D:7)
  41 yaks
  A hungry ghost (D:9)
  3 steam dragons
  4 fire elementals (D:14)
  5 vampire mosquitoes
  A basilisk (shapeshifter) (D:14)
  2 insubstantial wisps (Lair:2)
  2 soldier ants
  An acid dragon (D:15)
  15 water moccasins
  3 wargs (D:9)
  5 small abominations (Gauntlet)
  4 hell hounds
  A hornet zombie (D:14)
  4 porcupines
  An ice beast (D:5)
  A sky beast (D:5)
  A black bear (Lair:6)
  42 orc warriors
  2 eyes of draining (D:13)
  9 ogres
  3 phantoms
  8 wolves (Lair:6)
  22 centaurs
  4 necrophages
  2 boggarts
  12 crocodiles
  3 big kobolds
  17 bullfrogs
  5 scorpions
  8 killer bees
  4 wights (D:6)
  3 howler monkeys
  An electric eel (D:11)
  6 lava snakes (Volcano)
  8 crimson imps
  A bullfrog zombie (D:7)
  4 jellies
  A quasit (D:9)
  6 hounds
  4 bullfrog skeletons
  Crazy Yiuf (D:5)
  26 orc wizards
  5 iguanas
  Ijyb (D:5)
  32 orc priests
  Natasha (thrice) (D:2)
  12 worker ants
  2 hound skeletons
  A howler monkey zombie (D:7)
  A worker ant zombie (D:7)
  12 adders
  3 gnolls (D:7)
  A howler monkey skeleton (D:4)
  2 shadow imps
  12 white imps
  10 ufetubi
  An ooze (D:3)
  An adder zombie (D:9)
  3 adder skeletons
  4 worms
  3 dart slugs
  11 leopard geckos
  138 orcs
  4 ball pythons
  5 bats
  3 giant cockroaches
  9 goblins
  7 hobgoblins
  16 jackals
  24 kobolds
  9 quokkas
  5 frilled lizards
  3 jackal skeletons
  A leopard gecko zombie (D:5)
  7 rats
1010 creatures vanquished.

Vanquished Creatures (collateral kills)
  A minotaur (Gauntlet)
  4 hydras
  A death yak (Lair:6)
  A wolf spider (Spider:2)
  An elephant (Lair:6)
  A slime creature (D:11)
  A redback (Spider:3)
  A meliai zombie (D:11)
  A tarantella (Spider:3)
  3 yaks
  A water elemental (D:11)
  An insubstantial wisp (Lair:2)
  A crocodile (Lair:6)
  A water moccasin skeleton (D:5)
  A wight (D:6)
  A jelly (Gauntlet)
  An adder (D:7)
  A shadow imp (D:7)
  An adder zombie (D:5)
  A jackal (D:7)
  A butterfly (Lair:5)
  A fungus (Lair:6)
27 creatures vanquished.

Vanquished Creatures (others)
  An unseen horror (D:15)
  A jumping spider (Spider:4)
  2 humans (D:13)
  3 white imps (IceCv)
  An ufetubus (IceCv)
  2 orcs
  A demonic plant (Gauntlet)
  8 fungi
  A plant (Lair:2)
20 creatures vanquished.

Grand Total: 1057 creatures vanquished
